 Dungeon Crawl Stone Soup version 0.28.0-45-g0d030f2227 (webtiles) character file.

Game seed: 13506897796465185595

8376 MalarOregon the Fighter (level 11, -19/93 HPs)
             Began as a Palentonga Fighter on Apr 22, 2022.
             Was a Priest of the Shining One.
             Demolished by an angel
             ... wielding a +2 whip of holy wrath
              (22 damage)
             ... on level 1 of the Abyss.
             The game lasted 00:18:53 (11924 turns).

MalarOregon the Fighter (Palentonga Fighter)       Turns: 11924, Time: 00:18:54

Health: -19/93     AC: 17    Str: 16    XL:     11   Next: 9%
Magic:  12/15      EV: 11    Int:  8    God:    the Shining One [***...]
Gold:   327        SH: 15    Dex: 21    Spells: 10/10 levels left

rFire   + . .      SeeInvis +   b - +7 whip "Pendulum" {vorpal, rPois rC+ Str-5 Dex+6}
rCold   + + .      Faith    .   c - +0 buckler
rNeg    + . .      Spirit   .   k - +0 acid dragon scales
rPois   +          Reflect  .   (no helmet)
rElec   .          Harm     .   t - +0 cloak of the Griffon {Contam rF+ rC+ Will+}
rCorr   +          Rampage  .   H - +0 pair of gloves
Will    +....                   (no barding)
Stlth   +.........              (no amulet)
HPRegen 0.25/turn               v - +4 ring of slaying
MPRegen 0.14/turn               s - +6 ring of dexterity

@: divinely shielded, about to teleport, glowing, curled up
A: large, rugged brown scales 3, see invisible, deformed body, roll 1, armoured
tail, reflexive curl, [weak 2]
a: Rolling Charge, Renounce Religion, Divine Shield, Cleansing Flame


You were on level 1 of the Abyss.
You worshipped the Shining One.
The Shining One was most pleased with you.
You visited 2 branches of the dungeon, and saw 12 of its levels.
You visited the Abyss 1 time.
You also visited: Sewer.

You collected 417 gold pieces.
You spent 90 gold pieces at shops.


Innate Abilities, Weirdness & Mutations

You are completely covered in rugged brown scales. (AC +3, +7% HP)
You have supernaturally acute eyesight. (SInv)
Armour fits poorly on your strangely shaped body.
You can roll at nearby foes to attack.
You have a long armoured tail.
You curl defensively after being hit. (AC +7*)
[You are very weak. (Str -4)]


   Skills:
 * Level 8.3 Fighting
 * Level 7.9 Axes
 * Level 6.8 Armour
 + Level 4.2 Dodging
 * Level 6.9 Shields
 + Level 5.6 Invocations
 + Level 2.1 Evocations


You had 10 spell levels left.
You didn't know any spells.
Your spell library contained the following spells:

 Spells                   Type           Power      Damage    Failure   Level
 Animate Skeleton         Necr           0%         N/A       56%         1
 Pain                     Necr           0%         1d4       56%         1
 Blink                    Tloc           0%         N/A       71%         2
 Ensorcelled Hibernation  Hex/Ice        0%         N/A       71%         2
 Passwall                 Tmut/Erth      0%         N/A       71%         2
 Lesser Beckoning         Tloc           0%         N/A       90%         3
 Swiftness                Air            0%         N/A       90%         3
 Vampiric Draining        Necr           0%         2d6       90%         3
 Petrify                  Tmut/Erth      0%         N/A       100%        4
 Summon Ice Beast         Ice/Summ       0%         N/A       100%        4
 Manifold Assault         Tloc           0%         N/A       100%        5
 Metabolic Englaciation   Hex/Ice        0%         N/A       100%        5
 Summon Mana Viper        Hex/Summ       0%         N/A       100%        5
 Statue Form              Tmut/Erth      0%         N/A       100%        6
 Monstrous Menagerie      Summ           0%         N/A       100%        7
 Storm Form               Tmut/Air       0%         N/A       100%        7

Inventory:

Hand Weapons
 a - a +0 war axe
 b - the +7 whip "Pendulum" (weapon) {vorpal, rPois rC+ Str-5 Dex+6}
   (You found it on level 5 of the Dungeon)

   It inflicts extra damage upon your enemies.
   Str:       It affects your strength (-5).
   Dex:       It affects your dexterity (+6).
   rC:        It protects you from cold.
   rPois:     It protects you from poison.
 z - a +1 whip of flaming
   (You took it off Pikel on level 7 of the Dungeon)
Missiles
 w - a throwing net {!f}
 E - 5 curare-tipped darts (quivered) {!f}
Armour
 c - a +0 buckler (worn)
 k - +0 acid dragon scales (worn)
   (You took it off Maggie on level 7 of the Dungeon)
 t - the +0 cloak of the Griffon (worn) {Contam rF+ rC+ Will+}
   (You found it on level 6 of the Dungeon)

   rF:        It protects you from fire.
   rC:        It protects you from cold.
   Contam:    It causes magical contamination when unequipped.
   Will:      It increases your willpower.
 H - a +0 pair of gloves (worn)
   (You found it on level 9 of the Dungeon)
Jewellery
 i - a ring of protection from fire
   (You found it on level 9 of the Dungeon)
 s - a +6 ring of dexterity (right hand)
   (You found it on level 6 of the Dungeon)
 v - a +4 ring of slaying (left hand)
   (You took it off a gnoll on level 6 of the Dungeon)
Wands
 d - a wand of iceblast (6)
   (You found it on level 4 of the Dungeon)
 u - a wand of paralysis (4)
   (You found it on level 9 of the Dungeon)
 y - a wand of charming (8)
   (You found it on level 7 of the Dungeon)
Scrolls
 q - 2 scrolls of fear {unknown}
 r - 2 scrolls of vulnerability {unknown}
 A - 2 scrolls of holy word {unknown}
 B - 2 scrolls of enchant weapon {unknown}
 C - a scroll of fog {unknown}
 F - 2 scrolls of teleportation {@r4}
 I - a scroll of immolation {!r}
Potions
 e - a potion of haste {@q3}
 f - 2 potions of magic
 g - 3 potions of flight
 h - 2 potions of brilliance
 j - 4 potions of mutation {!q}
 l - a potion of cancellation
 m - 2 potions of might
 n - 5 potions of ambrosia
 o - a potion of resistance
 p - a potion of experience {unknown}
 x - a potion of curing {@q1}
 G - a potion of lignification {unknown}

Dungeon Overview and Level Annotations

Branches:
Dungeon (13/15)            Temple (1/1) D:7           Sewer (visited)
   Lair: D:8-11         Orc: D:9-12      Vaults: D:13-14

Altars:
Ashenzari
Cheibriados
Dithmenos
Elyvilon
Fedhas
Gozag
Hepliaklqana
Kikubaaqudgha
Makhleb
Nemelex Xobeh
Okawaru
Qazlal
Ru
Sif Muna
Trog
Uskayaw
Vehumet
Wu Jian
Xom
Yredelemnul
Zin
The Shining One

Shops:
D:3 !   D:4 :

Annotations:
D:13 Erolcha

.. #.. #.# ##
... ####.###
# #..@##. .#
.# ####A#..#
..#. #.*#####
#.#
###5#.....
.###
#.x#...## . #
## ###.#.
.##. ..#.#
####....... .
#. #
##.....#.####
#
#.##.x###.##


You could see an angel, a wretched star, a small abomination and a quasit.


Message History

You kill the orc priest!
The Shining One accepts your kill.
You slash the orc!
You kill the orc!
Items here: )) [ ††††.
You start resting.
An orc wizard is nearby!
Unknown command.
An orc wizard is nearby!
You start resting.
Items here: )) [ ÷.
Found 22 stones.
No target in view!
You see here a +0 ring mail.
The orc wizard shouts!
An orc wizard is nearby!
An orc comes into view. It is wielding a +0 short sword.
A sourceless malevolence fills the Dungeon...
You fall into a shaft and drop 3 floors!
The shaft crumbles and collapses.
Erolcha and a cyclops come into view.
The cyclops shouts!
Found a potion of mutation.
Okay, then.
As you read the scroll labelled POUNWO XUDO, it crumbles to dust.
You feel aware of your surroundings.
It was a scroll of magic mapping.
A brown ugly thing comes into view.
Erolcha gestures at you while chanting.
You are cast into the Abyss!
This branch contains the abyssal rune of Zot.
As you read the scroll of identify {@r1}, it crumbles to dust.
o - a potion of resistance
Okay, then.
As you open the door, it creaks loudly!
There is an open door here.
Found a gateway leading deeper into the Abyss.
There is a gateway leading deeper into the Abyss here.
Found a gateway leading deeper into the Abyss.
A quasit materialises.
The quasit gives a chilling moan.
There's nothing you can charge at!
A wretched star comes into view.
Press: ? - help, v - describe, . - travel
Here: a wretched star The floor.
Okay, then.
Roll where?
Press: ? - help, Dir - move target, f - quasit
Aim: a quasit (haloed)
You roll forward with a clatter of scales!
You hit the quasit but do no damage.
The quasit bites you but does no damage.
You block the quasit's attack. The quasit barely misses you.
You feel weaker.
You feel agile.
b - the +7 whip "Pendulum" (weapon)
{vorpal, rPois rC+ Str-5 Dex+6} You barely miss the wretched star.
Press: ? - help, v - describe, . - travel A metal wall, spattered with blood.
This square is lit by a halo.
You completely miss the wretched star. You tail-slap the wretched star!
You hit the wretched star.
An angel comes into view. It is wielding a +2 whip of holy wrath.
A small abomination comes into view.
Press: ? - help, v - describe, . - travel The floor.
This square is lit by a halo.
The angel shouts!
The angel hits you with a +2 whip of holy wrath!
You block the angel's attack. x2
The angel hits you with a +2 whip of holy wrath!
The wretched star pulses with an eldritch light!
You feel weaker. x2
Unknown command.
As you read the scroll of teleportation {@r4}, it crumbles to dust.
You feel strangely unstable.
You feel the power of the Abyss delaying your translocation!
The angel hits you with a +2 whip of holy wrath!
The angel closely misses you.
The wretched star pulses with an eldritch light!
A small abomination comes into view.
The angel hits you with a +2 whip of holy wrath!
* * * LOW HITPOINT WARNING * * *
The angel hits you with a +2 whip of holy wrath.
* * * LOW HITPOINT WARNING * * *
The angel hits you with a +2 whip of holy wrath!
* * * LOW HITPOINT WARNING * * *
The angel hits you but does no damage.
Unknown command.
The angel hits you with a +2 whip of holy wrath!!
* * * LOW HITPOINT WARNING * * *
The angel hits you but does no damage.
Okay, then.
Okay, then.
Your shield is strengthened by the Shining One's divine power.
You block the angel's attack.
The angel hits you with a +2 whip of holy wrath!
* * * LOW HITPOINT WARNING * * *
The angel hits you with a +2 whip of holy wrath!!
You die...

Skill      XL: |  1  2  3  4  5  6  7  8  9 10 |
---------------+-------------------------------+-----
Armour         | 3 4 5 6 |  6.8
Shields        | 3 4 5 6 |  6.9
Invocations    | 1 2 3 4 5 |  5.6
Axes           | 3 4 5 6 7 |  7.9
Fighting       | 4 5 6 7 8 |  8.3
Dodging        | 1 2 3 4 |  4.2
Evocations     | 2 |  2.1

Action                   |  1- 3 |  4- 6 |  7- 9 | 10-12 || total
-------------------------+-------+-------+-------+-------++-------
Melee: War axe           |    95 |   112 |   185 |   138 ||   530
       Tailslap          |     8 |    12 |    27 |    35 ||    82
       Whip              |       |       |       |    18 ||    18
Throw: Dart              |       |       |     4 |       ||     4
Invok: Purification      |     1 |       |       |       ||     1
       Heal Self         |       |     2 |       |       ||     2
       Divine Shield     |       |       |       |     3 ||     3
 Abil: Rolling Charge    |       |     6 |     8 |     2 ||    16
Evoke: Wand              |       |       |       |     7 ||     7
  Use: Scroll            |     4 |     5 |       |     5 ||    14
       Potion            |       |     1 |     1 |     3 ||     5
Armor: Scale mail        |    10 |       |       |       ||    10
       Chain mail        |    45 |   137 |    43 |       ||   225
       Acid dragon scale |       |       |    19 |    60 ||    79
Dodge: Dodged            |    37 |    55 |    49 |    87 ||   228
Block: Buckler           |    15 |    40 |    47 |    68 ||   170

Levels and vault maps discovered:
D:1:      dpeg_arrival_brainrot, layout_basic,
          ebering_ecumenical_altar_abandoned
D:2:      layout_rooms
D:3:      layout_basic, mainiacjoe_overflow_paths, grunt_qazlal_sundering,
          serial_shops, nicolae_shop_stone, solitary_fountain, uniq_natasha
D:4:      layout_rooms, serial_shops, nicolae_square_shop
D:5:      layout_gridville
D:6:      layout_cave_pools, gup_sewer_entry_pipe, small_statue_intersection,
          kennysheep_generic_room_15, uniq_sigmund
D:7:      layout_loops_ring, lemuel_zombie_altar_kikubaaqudgha,
          mainiacjoe_overflow_alcove_4, minmay_temple_entry_hall, uniq_pikel,
          uniq_maggie
D:8:      layout_loops_ring, mainiacjoe_overflow_chevrons, zin_purify,
          beargit_hepliaklqana_dungeon_heroes
D:9:      layout_roguey [special_room_bee], general_overflow_altar,
          nicolae_vehumet_altar_sigil, minivault_4
D:10:     layout_cave_pods, lemuel_round_altar, minmay_misc_feat_iff,
          small_chamber_with_monster
D:13:     layout_irregular_city, uniq_jorgrun, uniq_erolcha
Temple:   nicolae_temple_no_exploring_needed
Abyss:1:  base:
D:11

Notes
Turn   | Place    | Note
-------+----------+-------------------------------------------
     0 | D:1      | MalarOregon the Palentonga Fighter began the quest for the
                  | Orb.
     0 | D:1      | Reached XP level 1. HP: 19/19 MP: 1/1
    97 | D:1      | Found a faded altar of an unknown god.
   107 | D:1      | Prayed at the altar of an unknown god.
   107 | D:1      | Became a worshipper of Elyvilon the Healer
   107 | D:1      | Reached * piety under Elyvilon
   513 | D:1      | Reached XP level 2. HP: 25/25 MP: 2/2
   809 | D:2      | Reached ** piety under Elyvilon
   851 | D:2      | HP: 6/25 [adder (2)]
   854 | D:2      | Reached XP level 3. HP: 5/31 MP: 0/3
  1675 | D:3      | Found Jifoummaamu's Distillery.
  1720 | D:3      | Found a shimmering blue altar of Sif Muna.
  1730 | D:3      | Reached XP level 4. HP: 34/37 MP: 4/4
  1781 | D:3      | Noticed Natasha
  1784 | D:3      | Killed Natasha
  1905 | D:3      | You pick up a book of Necromancy and begin reading...
  1905 | D:3      | You add the spells Pain, Animate Skeleton and Vampiric
                  | Draining to your library.
  1980 | D:3      | Noticed Natasha
  1985 | D:3      | Killed Natasha
  1986 | D:3      | Reached skill level 3 in Armour
  1986 | D:3      | Reached skill level 3 in Shields
  2150 | D:3      | Noticed Natasha
  2155 | D:3      | Killed Natasha
  2156 | D:3      | Reached skill level 1 in Invocations
  2156 | D:3      | Reached XP level 5. HP: 40/44 MP: 5/5
  2196 | D:3      | Found a stormy altar of Qazlal.
  2229 | D:3      | Reached skill level 3 in Axes
  2251 | D:4      | Reached skill level 4 in Fighting
  2251 | D:4      | Reached skill level 1 in Dodging
  2284 | D:4      | Reached *** piety under Elyvilon
  2290 | D:4      | You pick up a book of Burglary and begin reading...
  2290 | D:4      | You add the spells Passwall, Ensorcelled Hibernation and
                  | Swiftness to your library.
  2334 | D:4      | HP: 9/44 [ufetubus (3)]
  2336 | D:4      | HP: 4/44 [adder (2)]
  2336 | D:4      | HP: 1/44 [ufetubus (3)]
  2336 | D:4      | Elyvilon protects you from harm!
  2342 | D:4      | HP: 6/44 [ufetubus (1)]
  2348 | D:4      | HP: 4/44 [ufetubus (2)]
  2353 | D:3      | Reached XP level 6. HP: 23/51 MP: 4/7
  2558 | D:4      | Found Xaala's Book Shop.
  2861 | D:5      | Entered Level 5 of the Dungeon
  3244 | D:5      | Identified the +7 whip "Pendulum" {vorpal, rPois rC+ Str-5
                  | Dex+6}
  3348 | D:5      | You pick up a book of Sloth and begin reading...
  3348 | D:5      | You add the spells Petrify, Metabolic Englaciation and
                  | Statue Form to your library.
  3373 | D:5      | Reached **** piety under Elyvilon
  3471 | D:6      | Noticed Sigmund
  3627 | D:6      | HP: 12/52 [gnoll/+0 spear (5)]
  3682 | D:6      | Reached skill level 2 in Invocations
  3682 | D:6      | Gained mutation: You curl defensively after being hit. (AC
                  | +7*) [Palentonga growth]
  3682 | D:6      | Reached XP level 7. HP: 19/58 MP: 8/8
  3722 | D:6      | Found a glowing drain.
  3732 | Sewer    | Entered a sewer
  3743 | Sewer    | Reached skill level 4 in Axes
  4192 | D:6      | Identified the +0 cloak of the Griffon {Contam rF+ rC+
                  | Will+}
  4284 | D:6      | You pick up a book of Beasts and begin reading...
  4284 | D:6      | You add the spells Summon Ice Beast, Summon Mana Viper and
                  | Monstrous Menagerie to your library.
  4353 | D:6      | You pick up a book of Spatial Translocations and begin
                  | reading...
  4353 | D:6      | You add the spells Blink, Lesser Beckoning and Manifold
                  | Assault to your library.
  4385 | D:6      | Reached skill level 4 in Armour
  4385 | D:6      | Reached skill level 4 in Shields
  4749 | D:6      | Killed Sigmund
  4750 | D:6      | Reached skill level 5 in Fighting
  4750 | D:6      | Reached skill level 2 in Dodging
  5377 | D:7      | Noticed Pikel
  5387 | D:7      | Reached XP level 8. HP: 66/66 MP: 8/10
  5401 | D:7      | Killed Pikel
  5402 | D:7      | Reached skill level 5 in Axes
  5402 | D:7      | Reached skill level 3 in Invocations
  5797 | D:7      | Noticed a two-headed ogre
  5804 | D:7      | Killed a two-headed ogre
  5805 | D:7      | Reached skill level 6 in Fighting
  5805 | D:7      | Reached skill level 5 in Armour
  5805 | D:7      | Reached skill level 5 in Shields
  5805 | D:7      | Reached XP level 9. HP: 27/73 MP: 11/11
  6279 | D:7      | Noticed Maggie
  6290 | D:7      | Killed Maggie
  6291 | D:7      | Reached skill level 3 in Dodging
  6291 | D:7      | Reached skill level 4 in Invocations
  6477 | D:7      | Found an ancient bone altar of Kikubaaqudgha.
  6621 | D:7      | Found a staircase to the Ecumenical Temple.
  6627 | Temple   | Entered the Ecumenical Temple
  6634 | Temple   | Fell from the grace of Elyvilon
  6634 | Temple   | Became a worshipper of the Shining One
  6634 | Temple   | Reached * piety under the Shining One
  6634 | Temple   | Reached ** piety under the Shining One
  6859 | D:7      | Found an ornate altar of the Wu Jian Council.
  6966 | D:8      | Reached skill level 6 in Axes
  7033 | D:8      | Found a sacrificial altar of Ru.
  7353 | D:8      | HP: 14/75 [large slime creature (24)]
  7386 | D:7      | HP: 18/75 [slime creature (1)]
  7758 | D:8      | Found Zin's Purification Station.
  7759 | D:8      | Found a glowing silver altar of Zin.
  7773 | D:8      | Bought a potion of curing for 90 gold pieces
  7992 | D:8      | Noticed a gargoyle
  7995 | D:8      | Found a faded altar of an unknown god.
  7999 | D:8      | Killed a gargoyle
  8000 | D:8      | Reached skill level 7 in Fighting
  8200 | D:8      | Found a hazy altar of Hepliaklqana.
  8260 | D:8      | Reached skill level 6 in Shields
  8260 | D:8      | Reached XP level 10. HP: 30/84 MP: 13/13
  8580 | D:9      | Found a radiant altar of Vehumet.
  8585 | D:9      | Reached skill level 6 in Armour
  8881 | D:9      | Reached skill level 7 in Axes
  8883 | D:9      | Reached skill level 5 in Invocations
  9238 | D:9      | Reached skill level 1 in Evocations
  9273 | D:9      | Reached skill level 4 in Dodging
  9278 | D:9      | HP: 21/85 [killer bee (3)]
  9294 | D:9      | HP: 13/85 [killer bee (5)]
  9703 | D:9      | Found a hide-covered altar of Uskayaw.
  9855 | D:10     | Entered Level 10 of the Dungeon
  9866 | D:9      | Reached skill level 8 in Fighting
 10491 | D:10     | Found an iron altar of Okawaru.
 10616 | D:10     | Noticed a guardian serpent
 10622 | D:10     | Killed a guardian serpent
 10876 | D:10     | Identified +0 pearl dragon scales
 11198 | D:10     | Noticed a four-headed hydra
 11207 | D:10     | Killed a four-headed hydra
 11208 | D:10     | Reached skill level 2 in Evocations
 11208 | D:10     | Reached XP level 11. HP: 40/92 MP: 15/15
 11575 | D:10     | Reached *** piety under the Shining One
 11852 | D:10     | You fall into a shaft and drop 3 floors!
 11852 | D:13     | Noticed Erolcha
 11853 | D:13     | Noticed a brown ugly thing
 11853 | D:13     | You are cast into the Abyss!
 11853 | D:13     | Cast into level 1 of the Abyss (Erolcha)
 11909 | Abyss:1  | Noticed a wretched star
 11914 | Abyss:1  | Noticed an angel
 11922 | Abyss:1  | HP: 10/93 [angel/+2 whip of holy wrath (21)]
 11923 | Abyss:1  | HP: 3/93 [angel/+2 whip of holy wrath (7)]
 11924 | Abyss:1  | Demolished by an angel

Vanquished Creatures
  A hydra (D:10)
  A two-headed ogre (D:7)
  Pikel (D:7)
  A guardian serpent (shapeshifter) (D:10)
  A gargoyle (D:8)
  Maggie (D:7)
  A queen bee (D:9)
  A hornet (D:10)
  4 slime creatures
  Sigmund (D:6)
  A wraith (D:9)
  2 wyverns
  4 yaks (D:9)
  4 orc warriors
  A necrophage (D:6)
  4 centaurs
  2 lemures (D:7)
  3 bullfrogs
  A scorpion (D:4)
  A wyvern skeleton (D:7)
  31 killer bees
  3 wights (D:7)
  A howler monkey (D:4)
  2 electric eels (D:9)
  2 hounds
  2 jellies
  7 orc priests
  A gnoll shaman (D:6)
  2 iguanas
  Natasha (thrice) (D:3)
  4 orc wizards
  A hell rat (Sewer)
  A hound skeleton (D:5)
  A howler monkey skeleton (D:5)
  6 adders
  5 gnolls
  A shadow imp (D:5)
  4 white imps
  2 ufetubi
  2 worms (D:3)
  2 dart slugs
  20 orcs
  2 bats
  A bat zombie (D:7)
  4 endoplasms
  3 giant cockroaches
  6 goblins
  5 hobgoblins
  12 jackals
  5 kobolds
  4 quokkas
  4 ball pythons
  11 rats
  3 rat zombies (D:7)
199 creatures vanquished.

Vanquished Creatures (others)
  6 fungi (D:8)
6 creatures vanquished.

Grand Total: 205 creatures vanquished

Table legend:
 A = Non-vault XP
 B = Vault XP
 C = Vault XP percentage of total XP
 D = Non-vault monster count
 E = Vault monster count
 F = Vault count percentage of total count
                 A         B        C        D         E       F
            +---------+---------+-------+---------+---------+-------
      Total |    8015 |    3951 |  33.0 |     148 |      49 |  24.9
            +---------+---------+-------+---------+---------+-------
        D:1 |      13 |       2 |  13.3 |       8 |       1 |  11.1
        D:2 |      52 |       0 |   0.0 |      16 |       0 |   0.0
        D:3 |     138 |      35 |  20.2 |      20 |       1 |   4.8
        D:4 |     202 |       0 |   0.0 |      13 |       0 |   0.0
        D:5 |     159 |       0 |   0.0 |       9 |       0 |   0.0
        D:6 |     513 |     239 |  31.8 |      15 |       5 |  25.0
        D:7 |    1515 |    1004 |  39.9 |      10 |       6 |  37.5
        D:8 |    1412 |     442 |  23.8 |      16 |       1 |   5.9
        D:9 |    2259 |    1703 |  43.0 |      25 |      24 |  49.0
       D:10 |    1752 |     484 |  21.6 |      16 |       1 |   5.9
      Sewer |       0 |      42 | 100.0 |       0 |      10 | 100.0
            +---------+---------+-------+---------+---------+-------

Illustrated notes

Table legend:
 A = Kills in this place as a percentage of kills in entire the game.
 B = Kills by you in this place as a percentage of kills by you in the entire game.
 C = Kills by friends in this place as a percentage of kills by friends in the entire game.
 D = Other kills in this place as a percentage of other kills in the entire game.
 E = Experience gained in this place as a percentage of experience gained in the entire game.
 F = Experience gained in this place divided by the number of levels of this place that you have seen.
                   A       B       C       D       E      F
               +-------+-------+-------+-------+-------+----------------------
         Total | 100.0 | 100.0 |   N/A |   N/A | 100.0 | 854.7
       Dungeon |  94.9 |  94.9 |   N/A |   N/A |  99.6 | 1084.0
         Sewer |   5.1 |   5.1 |   N/A |   N/A |   0.4 |  42.0
               +-------+-------+-------+-------+-------+----------------------

Table legend: (Time is in decaauts)
 A = Elapsed time spent in this place.
 B = Non-inter-level travel time spent in this place.
 C = Inter-level travel time spent in this place.
 D = Time resting spent in this place.
 E = Time spent auto-exploring this place.
 F = Levels seen in this place.
 G = Mean time per level.
                   A        B        C        D        E       F      G
               +--------+--------+--------+--------+--------+-----+--------+
         Total |  12099 |  11699 |    400 |   3888 |   6059 |  14 |  864.2 |
       Dungeon |  11710 |  11322 |    388 |   3888 |   5798 |  11 | 1064.5 |
        Temple |     17 |      5 |     12 |      0 |      0 |   1 |   17.0 |
         Abyss |     70 |     70 |      0 |      0 |     21 |   1 |   70.0 |
         Sewer |    301 |    301 |      0 |      0 |    240 |   1 |  301.0 |
               +--------+--------+--------+--------+--------+-----+--------+

Top non-repeatable levels by time:
     D:7: 2194 daAuts
     D:9: 1867 daAuts
    D:10: 1453 daAuts
     D:6: 1278 daAuts
     D:8: 1266 daAuts
     D:3: 966 daAuts
     D:2: 767 daAuts
     D:5: 727 daAuts
     D:1: 718 daAuts
     D:4: 468 daAuts
   Sewer: 301 daAuts
 Abyss:1: 70 daAuts
  Temple: 17 daAuts
    D:13: 0 daAuts
